 Dungeon Crawl Stone Soup version 0.19.1-1-g22dce08 (webtiles) character file.

49 Peloso the Slasher (level 3, 0/30 HPs)
             Began as a Ghoul Gladiator on Dec 31, 2016.
             Slain by Terence
             ... wielding a +2 short sword of draining
              (3 damage)
             ... on level 3 of the Dungeon.
             The game lasted 00:03:37 (1375 turns).

Peloso the Slasher (Ghoul Gladiator)                Turns: 1375, Time: 00:03:38

Health: 0/30       AC:  7    Str: 18    XL:     3   Next: 77%
Magic:  2/2        EV: 10    Int:  3    God:
Gold:   99         SH:  0    Dex: 10    Spells: 0 memorised, 2 levels left

rFire  . . .     SeeInvis .     a - +0 long sword
rCold  + . .     Gourm    .     i - +0 scale mail
rNeg   + + +     Faith    .     (no shield)
rPois  ∞         Spirit   .     c - +0 helmet
rElec  .         Reflect  .     (no cloak)
rCorr  .         Harm     .     (no gloves)
MR     .....                    (no boots)
Stlth  ..........               g - amulet of rage
                                (no ring)
                                (no ring)

@: rotting
A: rotting body, claws 1, carnivore 3, cold resistance 1, negative energy
resistance 3, slow regeneration 1, torment resistance, unbreathing
a: no special abilities


You were on level 3 of the Dungeon.
You were not hungry.

You visited 1 branch of the dungeon, and saw 3 of its levels.

You collected 99 gold pieces.

Inventory:

Hand Weapons
 a - a +0 long sword (weapon)
Missiles
 d - 3 throwing nets (quivered)
Armour
 c - a +0 helmet (worn)
 i - a +0 scale mail (worn)
Jewellery
 g - an amulet of rage (around neck)
Wands
 o - a wand of confusion (34/48)
Scrolls
 b - a scroll of teleportation {unknown}
 e - a scroll of identify {unknown}
 h - 3 scrolls of magic mapping {unknown}
 m - 2 scrolls of amnesia {unknown}
 q - 2 scrolls of immolation {unknown}
 r - 3 scrolls of recharging {unknown}
 s - a scroll of noise {unknown}
Potions
 j - 2 potions of lignification {unknown}
 k - 2 potions of curing {unknown}
 l - a potion of cancellation {unknown}
 p - 2 potions of resistance {unknown}
Comestibles
 f - 3 meat rations
 n - 2 slices of pizza
 t - a chunk of flesh


   Skills:
 + Level 2.6 Fighting
 + Level 3.6 Long Blades
 + Level 1.9 Throwing
 + Level 2.9 Dodging
 + Level 0.2 Stealth


You had 2 spell levels left.
You didn't know any spells.

Dungeon Overview and Level Annotations

Branches:
Dungeon (3/15)

Altars:

Annotations:
D:3 Terence


Innate Abilities, Weirdness & Mutations

Your body is rotting away.
You thrive on raw meat.
You are immune to poison.
You have sharp fingernails.
You are carnivorous and can eat meat at any time.
Your flesh is cold resistant. (rC+)
You are immune to negative energy. (rN+++)
You regenerate slowly when monsters are visible.
You are immune to unholy pain and torment.
You can survive without breathing.


Message History

Terence is moderately wounded.
Terence hits you but does no damage.
Terence hits you with a short sword of draining.
* * * LOW HITPOINT WARNING * * *
You hit Terence but do no damage.
Terence is moderately wounded.
Terence barely misses you.
You barely miss Terence.
Terence is moderately wounded.
Terence misses you.
You hit Terence.
Terence is heavily wounded.
Terence hits you with a short sword of draining.
* * * LOW HITPOINT WARNING * * *
You barely miss Terence.
Terence is heavily wounded.
Terence barely misses you.
You riposte.
You closely miss Terence.
Terence is heavily wounded.
Terence hits you with a short sword of draining.
You die...

##### #.... #.###
####################.##.
...).K@@......).........
..##################.##.
#.#.. #.#.. #.#.# #.#..
#.#.. #.... #.#..


You could see Terence and a kobold.

Vanquished Creatures
  3 worms (D:2)
  2 leopard geckos
  A ball python (D:1)
  A giant cockroach (D:2)
  2 goblins
  8 hobgoblins
  3 jackals (D:2)
  A quokka (D:2)
  6 bats
  2 frilled lizards
  7 rats
36 creatures vanquished.

Notes
Turn   | Place    | Note
-------+----------+-------------------------------------------
     0 | D:1      | Peloso the Ghoul Gladiator began the quest for the Orb.
     0 | D:1      | Reached XP level 1. HP: 17/17 MP: 0/0
   175 | D:1      | Reached XP level 2. HP: 24/25 MP: 1/1
   275 | D:1      | Reached skill level 3 in Long Blades
   682 | D:2      | Reached XP level 3. HP: 14/30 MP: 2/2
  1353 | D:3      | Noticed Terence
  1375 | D:3      | Slain by Terence

Skill      XL: |  1  2 |
---------------+-------+-----
Long Blades    | 3 |  3.6
Fighting       | |  2.6
Throwing       | |  1.9
Dodging        | |  2.9
Stealth        | |  0.2

Action                   || total
-------------------------++-------
Melee: Long sword        ||   118
  Eat: Chunk             ||     3
Armor: Scale mail        ||    55
       Leather armour    ||     3
Dodge: Dodged            ||    72
       Rpst.: Long sword ||    25
